 Dungeon Crawl Stone Soup version 0.31-a0-232-gb1c03b2570 (webtiles) character file.

Game seed: 14612111246376982965

84 qw the Shooter (level 4, -1/26 HPs)
             Began as a Gargoyle Hexslinger on July 6, 2023.
             Slain by a black bear (4 damage)
             ... on level 3 of the Dungeon.
             The game lasted 00:00:56 (2383 turns).

qw the Shooter (Gargoyle Hexslinger)                Turns: 2383, Time: 00:00:56

Health: -1/26      AC: 12    Str: 11    XL:     4   Next: 46%
Magic:  5/5        EV: 10    Int: 14    God:
Gold:   157        SH:  5    Dex: 14    Spells: 4/5 levels left

rFire   + . .        Y - +2 sling
rCold   . . .        (no shield)
rNeg    + + .        e - +0 ring mail
rPois   inf          g - +0 helmet
rElec   +            (no cloak)
rCorr   .            c - +2 pair of gloves
SInv    .            (no boots)
Will    .....        m - amulet of reflection Stlth
                     a - ring "Wuoppaska" {Fly rF+ rN+ Stlth-}
HPRegen 0.24/turn    (no ring)
MPRegen 0.09/turn

%: reflection
@: about to teleport, flying
A: sickness immunity, AC +3, negative energy resistance 1, electricity
resistance, torment resistance 1, petrification resistance
a: no special abilities


You were on level 3 of the Dungeon.
You visited 1 branch of the dungeon, and saw 4 of its levels.

You collected 157 gold pieces.


Innate Abilities, Weirdness & Mutations

You are immune to sickness and miasma.
Your stone body is resilient. (AC +3)
You are immune to poison.
You resist negative energy. (rN+)
You are resistant to electric shocks. (rElec)
You are resistant to unholy torment.
You are immune to petrification.


   Skills:
 - Level 2.3 Fighting
 + Level 3.8 Ranged Weapons
 - Level 1.2 Armour
 - Level 1.5 Dodging
 - Level 1.0 Spellcasting
 - Level 2.6 Hexes


You had 4 spell levels left.
You knew the following spells:

 Your Spells              Type           Power      Damage    Failure   Level
a - Slow                  Hex            32%        N/A       21%         1

Your spell library contained the following spells:

 Spells                   Type           Power      Damage    Failure   Level
 Inner Flame              Hex/Fire       4%         N/A       71%         3
 Portal Projectile        Hex/Tloc       8%         N/A       71%         3
 Cause Fear               Hex            4%         N/A       90%         4

Inventory:

Hand Weapons
 Y - a +2 sling (weapon)
Armour
 c - a +2 pair of gloves (worn)
 e - a +0 ring mail (worn)
 g - a +0 helmet (worn)
Jewellery
 a - the ring "Wuoppaska" (left hand) {Fly rF+ rN+ Stlth-}
   (You acquired it on level 1 of the Dungeon)

   [ring of flight]

   rF:        It protects you from fire.
   rN:        It protects you from negative energy.
   Fly:       It grants you flight.
   Stlth:     It makes you less stealthy.
 m - an amulet of reflection (around neck)
Scrolls
 l - 3 scrolls of teleportation
Potions
 b - a potion of invisibility {unknown}
 d - a potion of lignification {unknown}
 f - a potion of brilliance {unknown}
 i - a potion of haste {unknown}
 j - a potion of heal wounds {unknown}
 k - a potion of might {unknown}

Dungeon Overview and Level Annotations

Branches:
Dungeon (4/15)
 Temple: D:4-7

Altars:
Dithmenos
Trog
Yredelemnul

Shops:
D:3 =


Message History

The black bear closely misses you.
The black bear claws you but does no damage. x2
You shoot a sling bullet.
The sling bullet closely misses the black bear.
The black bear bites you.
The black bear claws you but does no damage.
The black bear claws you.
You shoot a sling bullet.
The sling bullet hits the black bear but does no damage.
The black bear is lightly wounded.
The black bear bites you but does no damage.
The black bear claws you but does no damage.
The black bear barely misses you.
You shoot a sling bullet.
The sling bullet barely misses the black bear.
The black bear barely misses you. x2; You block the black bear's attack.
The black bear bites you. You block the black bear's attack. x2
You feel less attractive to monsters.
You shoot a sling bullet.
The sling bullet hits the black bear but does no damage.
The black bear is lightly wounded.
You block the black bear's attack.
The black bear claws you but does no damage.
You block the black bear's attack.
You shoot a sling bullet. The sling bullet hits the black bear.
The black bear is lightly wounded.
The black bear misses you. You block the black bear's attack.
The black bear claws you.
2382 ||| READING 4 scrolls of teleportation.
As you read the scroll of teleportation, it crumbles to dust.
You feel strangely unstable.
The black bear bites you but does no damage.
The black bear closely misses you.
The black bear claws you but does no damage.
You shoot a sling bullet.
The sling bullet barely misses the black bear.
The black bear bites you.
The black bear claws you but does no damage.
The black bear claws you.
You die...

.......# #....).##### ##.##.
.......# ####.....##...####.###
.......# #.......##..##.##.....
#.###### #......##..####%##....
#.# ###....#%.###..%%#...# #.#
##....##..##...%#.... #.#########
#......#..#....##....
..........###..h...#%.##.%.#.....
................@..##..#####.....
.........!.......#..##.%.##......
#.########...........#.###.......
#.# #.......######.............
..# #..............#...........
.######.......#######..####......
..............# ##..## ##.....
...####.......# ##..## ######
...# #.......#####.)######


You could see a black bear.

Vanquished Creatures
  3 adders
  2 dart slugs
  2 bats (D:2)
  2 endoplasms (D:2)
  4 giant cockroaches
  6 goblins
  10 hobgoblins
  6 kobolds
  A quokka (D:1)
  6 ball pythons
  5 frilled lizards
  A rat (D:2)
48 creatures vanquished.

Notes
Turn   | Place    | Note
-------+----------+-------------------------------------------
     0 | D:1      | qw the Gargoyle Hexslinger began the quest for the Orb.
     0 | D:1      | Reached XP level 1. HP: 12/12 MP: 2/2
     0 | D:1      | 0 ||| qw: Version: 0.3-a-46-gb1f654a
     0 | D:1      | 0 ||| qw: Game counter: 1958
     0 | D:1      | 0 ||| qw: Melee chars always use a shield: true
     0 | D:1      | 0 ||| qw: God list: Okawaru
     0 | D:1      | 0 ||| qw: Allow faded altars: false
     0 | D:1      | 0 ||| qw: Do Orc after clearing Dungeon:15 true
     0 | D:1      | 0 ||| qw: Do second Lair branch before Depths: true
     0 | D:1      | 0 ||| qw: Lair rune preference: random
     0 | D:1      | 0 ||| qw: Goals: Normal
     0 | D:1      | 0 ||| PLANNING D:1-11
   195 | D:1      | Reached XP level 2. HP: 16/16 MP: 3/3
   496 | D:1      | HP: 2/16 [quokka (3)]
   774 | D:1      | Reached skill level 3 in Ranged Weapons
   873 | D:1      | 873 ||| UPGRADING to +0 ring mail.
   883 | D:1      | 883 ||| DROPPING +0 robe.
   884 | D:1      | 884 ||| READING scroll labelled KINOERR WAOLL.
   884 | D:1      | Identified a scroll of acquirement
   884 | D:1      | 884 ||| ACQUIRING ring "Wuoppaska" {Fly rF+ rN+ Stlth-}
   884 | D:1      | Acquired the ring "Wuoppaska" {Fly rF+ rN+ Stlth-}
   886 | D:1      | 886 ||| UPGRADING to ring "Wuoppaska" {Fly rF+ rN+ Stlth-}.
   887 | D:1      | 887 ||| READING scroll labelled YHEKYA ZAUNE.
   888 | D:1      | 888 ||| READING scroll labelled ZUAZ FISTRAQ.
   889 | D:1      | 889 ||| READING 2 scrolls labelled QIALYG LUANLIRR.
   894 | D:1      | 894 ||| READING scroll labelled ERIUKHL HIGULIC.
   895 | D:1      | 895 ||| DROPPING scroll of poison.
   896 | D:1      | 896 ||| DROPPING scroll of torment.
   946 | D:2      | 946 ||| STAIRDANCE
  1149 | D:2      | Reached XP level 3. HP: 15/21 MP: 4/4
  1150 | D:2      | 1150 ||| FLEEEEING.
  1151 | D:2      | 1151 ||| FLEEEEING.
  1152 | D:2      | 1152 ||| FLEEEEING.
  1153 | D:2      | 1153 ||| FLEEEEING.
  1178 | D:2      | Found a basalt altar of Yredelemnul.
  1678 | D:2      | Reached XP level 4. HP: 25/26 MP: 5/5
  1874 | D:2      | 1874 ||| UPGRADING to +2 pair of gloves.
  1879 | D:2      | 1879 ||| UPGRADING to +0 helmet.
  1884 | D:2      | 1884 ||| READING scroll labelled ANKUPIOSMAN.
  1885 | D:2      | 1885 ||| READING scroll labelled ULIPEASAOH.
  1886 | D:2      | 1886 ||| READING 2 scrolls labelled NAGEFU RAGHAEST.
  2038 | D:3      | Found a shadowy altar of Dithmenos.
  2136 | D:3      | Reached skill level 1 in Armour
  2185 | D:3      | Found Iqewyli's Jewellery Shop.
  2193 | D:3      | 2193 ||| SHOPLISTING amulet of faith (400 gold, have 157).
  2193 | D:3      | 2193 ||| SHOPLISTING ring of protection from cold (250
                  | gold, have 157).
  2193 | D:3      | 2193 ||| SHOPLISTING ring of protection from fire (250
                  | gold, have 157).
  2193 | D:3      | 2193 ||| SHOPLISTING ring of resist corrosion (200 gold,
                  | have 157).
  2193 | D:3      | 2193 ||| SHOPLISTING ring of willpower (250 gold, have
                  | 157).
  2274 | D:3      | Found a bloodstained altar of Trog.
  2279 | D:3      | 2279 ||| Stepping ~*~*~tactically~*~*~ (outnumbered).
  2284 | D:3      | 2284 ||| Stepping ~*~*~tactically~*~*~ (outnumbered).
  2352 | D:3      | 2352 ||| UPGRADING to amulet of reflection.
  2357 | D:3      | 2357 ||| READING scroll labelled YWNYFA KACKINA.
  2358 | D:3      | 2358 ||| DRINKING 2 golden potions.
  2359 | D:3      | 2359 ||| DROPPING potion of attraction.
  2368 | D:4      | Noticed a black bear
  2369 | D:4      | 2369 ||| PLANNING SEWER
  2370 | D:4      | 2370 ||| STAIRDANCE
  2381 | D:3      | HP: 6/26 [black bear (3)]
  2382 | D:3      | 2382 ||| READING 4 scrolls of teleportation.
  2383 | D:3      | Slain by a black bear

Levels and vault maps discovered:
D:1:      onia_arrival_mini_spirals, layout_loops_corners, minmay_tetromino_t2
D:2:      layout_loops_corners, basic_altar, grunt_ministairs_14
D:3:      layout_rooms, nicolae_dithmenos_through_a_glass_darkly,
          trog_hazing_becter, serial_shops, nicolae_shop_stone,
          wander_ebering_terrifying_dragon_lair
D:4:      layout_cave_pools, nemelex_dance_club_becter, portal_sewer_entry_b,
          uniq_blork_the_orc, uniq_ijyb

Skill      XL: |  1  2  3  4 |
---------------+-------------+-----
Ranged Weapons | 3 |  3.8
Fighting       | 2 |  2.3
Armour         | 1 |  1.2
Dodging        | |  1.5
Spellcasting   | |  1.0
Hexes          | |  2.6

Action                     |  1- 3 |  4- 6 || total
---------------------------+-------+-------++-------
   Fire: Sling             |   117 |    72 ||   189
    Use: Scroll            |     5 |     5 ||    10
         Potion            |       |     1 ||     1
 Armour: Robe              |     5 |       ||     5
         Ring mail         |    20 |    46 ||    66
  Dodge: Dodged            |    36 |    39 ||    75
  Block: Other             |       |     8 ||     8

Table legend:
 A = Non-vault XP
 B = Vault XP
 C = Vault XP percentage of total XP
 D = Non-vault monster count
 E = Vault monster count
 F = Vault count percentage of total count
                 A         B        C        D         E       F
            +---------+---------+-------+---------+---------+-------
      Total |     102 |      19 |  15.7 |      37 |      11 |  22.9
            +---------+---------+-------+---------+---------+-------
        D:1 |      17 |       3 |  15.0 |      10 |       2 |  16.7
        D:2 |      60 |       3 |   4.8 |      19 |       2 |   9.5
        D:3 |      25 |      13 |  34.2 |       8 |       7 |  46.7
            +---------+---------+-------+---------+---------+-------
